 Dungeon Crawl Stone Soup version 0.15-a0-1403-g2cecdf4 (webtiles) character file.

254 Herrn the Skirmisher (level 5, -2/42 HPs)
             Began as a Demonspawn Fighter on June 11, 2014.
             Killed by divine providence
             ... invoked by an orc priest
              (15 damage)
             ... on Level 3 of the Dungeon.
             The game lasted 00:05:59 (2304 turns).

Herrn the Skirmisher (Demonspawn Fighter)           Turns: 2304, Time: 00:06:00

HP  -2/42        AC  6     Str 22      XL: 5   Next: 90%
MP   5/5         EV  6     Int  9      God:
Gold 96          SH  9     Dex 14      Spells:  0 memorised,  4 levels left

rFire  . . .     SeeInvis .     a - +0 war axe
rCold  + . .     Clarity  .     b - +0 scale mail
rNeg   . . .     rCorr    .     c - +0 shield
rPois  .         rRot     .     (no helmet)
rElec  .         Spirit   .     (no cloak)
SustAb +         Warding  .     (no gloves)
rMut   .         Stasis   .     (no boots)
Gourm  .                        (no amulet)
MR     .....                    l - +1 ring of strength
                                f - ring of sustain abilities

@: mighty, drained, not resistant to hostile enchantments, extremely unstealthy
A: hooves 2, cold resistance 1
a: no special abilities


You were on level 3 of the Dungeon.
You were not hungry.

You visited 1 branch of the dungeon, and saw 3 of its levels.

You collected 96 gold pieces.

Inventory:

Hand weapons
 a - a +0,+0 war axe (weapon)
Armour
 b - a +0 scale mail (worn)
 c - a +0 shield (worn)
Magical devices
 e - a wand of enslavement (8) {unknown}
Comestibles
 d - 3 bread rations
 i - 3 meat rations
 o - a beef jerky
 t - a rotting chunk of orc flesh
Scrolls
 k - 2 scrolls of immolation
 n - 3 scrolls of blinking
 q - 2 scrolls of enchant weapon I
 r - a scroll of enchant armour {unknown}
Jewellery
 f - a ring of sustain abilities (left hand)
 l - a +1 ring of strength (right hand)
Potions
 g - a potion of curing
 h - 2 potions of heal wounds {unknown}
 m - a potion of restore abilities {unknown}
 p - a potion of haste {unknown}
 s - a potion of mutation {unknown}


   Skills:
 * Level 4.3(3.8) Fighting
 * Level 3.4(3.0) Axes
 + Level 3.3(2.9) Armour
 + Level 1.6(1.2) Dodging
 + Level 3.2(2.7) Shields


You had 4 spell levels left.
You didn't know any spells.

Dungeon Overview and Level Annotations

Branches:
Dungeon (3/15)

Altars:
Qazlal


Innate Abilities, Weirdness & Mutations

You have hoof-like feet.
Your flesh is cold resistant.


Message History

* * * LOW HITPOINT WARNING * * *
You hit the wight. You kick the wight.
The wight is severely damaged.
You block the orc priest's attack. The wight hits you with a hand axe.
* * * LOW HITPOINT WARNING * * *
You feel drained.
* * * LOW HITPOINT WARNING * * *
Your shield and scale mail prevent you from hitting the wight.
The wight is severely damaged.
You hit the orc priest. Your kick misses the orc priest.
The orc priest is lightly wounded.
The orc priest hits you but does no damage.
The wight hits you but does no damage.
Unknown command.
You feel better. The orc priest closely misses you.
You block the wight's attack.
You feel very mighty all of a sudden.
The orc priest mumbles some strange prayers to Beogh against you.
Something smites you!
You die...

#.........#.#.#
#.####..#.#.#.# #..#.#.#.#
#.# #.)#.#... . #.#
#..#.#.. ... #.# #..#.#.#
#... #.# #..#'#.# ..
#...##.# #..oz..##....
#....#.# #...@.........
#.#..#.#.# #.....#########
#.#..#.#.####)............#
#.#..#.#....[........####.#
#.#..#..#####.######.#
#.#...........######.#
#.#.###..####.#......#
#.#.# ##.# #.....#### #.#.#
#.## #.....#


You could see a wight and an orc priest.

Vanquished Creatures
  Sigmund (D:2)
  2 wights
  Terence (D:2)
  2 adders (D:2)
  A giant mite (D:1)
  A worm (D:2)
  A giant gecko (D:3)
  An ooze (D:2)
  An orc (D:3)
  2 ball pythons (D:2)
  5 giant cockroaches
  7 goblins
  4 hobgoblins
  9 jackals
  8 kobolds
  5 bats
  2 giant newts (D:1)
  4 rats
57 creatures vanquished.

Notes
Turn   | Place    | Note
--------------------------------------------------------------
     0 | D:1      | Herrn, the Demonspawn Fighter, began the quest for the Orb.
     0 | D:1      | Reached XP level 1. HP: 18/18 MP: 1/1
   153 | D:1      | Gained mutation: You have large cloven feet. [demonic ancestry]
   153 | D:1      | Reached XP level 2. HP: 16/24 MP: 2/2
   334 | D:1      | Gained mutation: You have hoof-like feet. [demonic ancestry]
   334 | D:1      | Reached XP level 3. HP: 25/29 MP: 3/3
  1114 | D:2      | Noticed Sigmund
  1121 | D:2      | Killed Sigmund
  1121 | D:2      | Reached skill level 1 in Dodging
  1121 | D:2      | Reached XP level 4. HP: 25/37 MP: 4/4
  1199 | D:2      | Noticed Terence
  1208 | D:2      | Killed Terence
  1208 | D:2      | Gained mutation: Your flesh is cold resistant. [demonic ancestry]
  1208 | D:2      | Reached XP level 5. HP: 12/42 MP: 5/5
  1588 | D:2      | Reached skill level 4 in Fighting
  1896 | D:3      | Found a stormy altar of Qazlal.
  2085 | D:2      | HP: 2/42 [wight/dagger (3)]
  2304 | D:3      | Killed from afar by an orc priest

Action                   |  1- 3 |  4- 6 || total
-------------------------+-------+-------++-------
Melee: War axe           |   100 |    70 ||   170
  Use: Scroll            |     1 |     4 ||     5
       Potion            |     1 |     4 ||     5
